 Dungeon Crawl Stone Soup version 0.31-a0-771-g505c3d19dc (webtiles) character file.

Game seed: 13592421559001160245

18 FearOfTheDuck the Gusty (level 2, -6/20 HPs)
             Began as a Demigod Air Elementalist on Sept 16, 2023.
             Mangled by a gnoll
             ... wielding a +0 whip
              (8 damage)
             ... on level 1 of the Dungeon.
             The game lasted 00:04:27 (752 turns).

FearOfTheDuck the Gusty (Demigod Air Elementalist)   Turns: 752, Time: 00:04:29

Health: -6/20      AC:  2    Str:  8 (9)  XL:     2   Next: 33%
Magic:  1/7        EV: 12    Int: 16 (17) God:
Gold:   97         SH:  0    Dex: 11 (14) Spells: 4/5 levels left

rFire   . . .        e - +0 short sword
rCold   . . .        (no shield)
rNeg    . . .        a - +0 robe
rPois   .            (no helmet)
rElec   .            (no cloak)
rCorr   .            (no gloves)
SInv    .            (no boots)
Will    .....        (no amulet)
Stlth   ++           (no ring)
HPRegen 0.23/turn    (no ring)
MPRegen 0.10/turn

%: no passive effects
@: no status effects
A: high MP 1, forlorn, divine attributes
a: no special abilities


You were on level 1 of the Dungeon.
You visited 1 branch of the dungeon, and saw 1 of its levels.

You collected 97 gold pieces.

Inventory:

Hand Weapons
 e - a +0 short sword (weapon)
Missiles
 c - 9 stones
Armour
 a - a +0 robe (worn)
Jewellery
 f - an amulet of guardian spirit
Scrolls
 d - a scroll of revelation {unknown}
 h - a scroll of identify {unknown}
Potions
 b - a potion of magic


   Skills:
 + Level 1.8 Dodging
 + Level 2.1 Stealth
 + Level 2.2 Spellcasting
 + Level 1.0 Conjurations
 + Level 2.8 Air Magic


You had 4 spell levels left.
You knew the following spells:

 Your Spells              Type           Power      Damage    Failure   Level
a - Shock                 Conj/Air       32%        1d5       9%          1

Your spell library contained the following spells:

 Spells                   Type           Power      Damage    Failure   Level
 Static Discharge         Conj/Air       16%        2-3/arc   14%         2
 Swiftness                Air            11%        N/A       19%         3
 Airstrike                Air            5%         2d(1-17)  52%         4


Dungeon Overview and Level Annotations

Branches:
Dungeon (1/15)

Shops:
D:1 :


Innate Abilities, Weirdness & Mutations

You have an increased reservoir of magic. (+10% MP)
You shall have no god before yourself.
Your divine heritage dramatically boosts your attributes as you level up.


Message History

Aim: a gnoll, wielding a +0 whip (72% to hit)
The zap hits the gnoll but does no damage.
You closely miss the gnoll. The gnoll hits you with a +0 whip!
You hit the gnoll.
The gnoll is moderately wounded.
The gnoll hits you with a +0 whip.
Casting: Shock (safe; 9% risk of failure)
Confirm with . or Enter, or press ? or * to list all spells.
Aiming: Shock (safe; 9% risk of failure)
Press: ? - help, Shift-Dir - straight line, f/p - gnoll
Aim: a gnoll, wielding a +0 whip (moderately wounded, 72% to hit)
The zap hits the gnoll.
The gnoll is heavily wounded.
A rat comes into view.
The gnoll misses you.
Casting: Shock (safe; 9% risk of failure)
Confirm with . or Enter, or press ? or * to list all spells.
Aiming: Shock (safe; 9% risk of failure)
Press: ? - help, Shift-Dir - straight line, f/p - gnoll
Aim: a gnoll, wielding a +0 whip (heavily wounded, 72% to hit)
The zap hits the gnoll but does no damage.
The gnoll is heavily wounded.
The gnoll hits you with a +0 whip.
* * * LOW HITPOINT WARNING * * *
Your magical contamination has completely faded away.
Okay, then.
It was a potion of degeneration.
There was something very wrong with that liquid.
You feel weakened.
You feel dopey.
You feel clumsy. The gnoll hits you with a +0 whip.
* * * LOW HITPOINT WARNING * * *
Casting: Shock (safe; 9% risk of failure)
Confirm with . or Enter, or press ? or * to list all spells.
Aiming: Shock (safe; 9% risk of failure)
Press: ? - help, Shift-Dir - straight line, f/p - gnoll
Aim: a gnoll, wielding a +0 whip (heavily wounded, 72% to hit)
The zap misses the gnoll.
The zap hits the rat.
The rat is severely wounded.
The gnoll hits you with a +0 whip!
You die...

#. ##### #.
....# ###.
###.# ...
..## .r#
#g# #@# #
#.##
#.####..# .
#.......#
..####..#.#
#####
#.........#
≈≈≈≈#
##.##..###
≈≈≈≈#
#....).###
≈≈≈≈#
####.....#


You could see a gnoll and a rat.

Vanquished Creatures
  A dart slug (D:1)
  2 bats (D:1)
  An endoplasm (D:1)
  A giant cockroach (D:1)
  2 goblins (D:1)
  3 hobgoblins (D:1)
  A kobold (D:1)
  3 rats (D:1)
14 creatures vanquished.

Notes
Turn   | Place    | Note
-------+----------+-------------------------------------------
     0 | D:1      | FearOfTheDuck the Demigod Air Elementalist began the quest
                  | for the Orb.
     0 | D:1      | Reached XP level 1. HP: 14/14 MP: 5/5
   347 | D:1      | Reached XP level 2. HP: 18/20 MP: 5/7
   376 | D:1      | Reached skill level 1 in Conjurations
   432 | D:1      | Found Dycera's Book Boutique.
   752 | D:1      | Mangled by a gnoll

Illustrated notes

Levels and vault maps discovered:
D:1:      zaba_arrival_water, layout_loops_ring, serial_shops, shop,
          minmay_heptomino_l4

Skill      XL: |  1  2 |
---------------+-------+-----
Stealth        | 2 |  2.1
Spellcasting   | 2 |  2.2
Conjurations   | 1 |  1.0
Dodging        | |  1.8
Air Magic      | |  2.8

Action                     || total
---------------------------++-------
  Melee: Short sword       ||    15
         Unarmed           ||     3
   Cast: Shock             ||    29
    Use: Potion            ||     1
   Stab: Sleeping          ||     3
 Armour: Robe              ||    13
  Dodge: Dodged            ||     9

Table legend: (Time is in decaauts)
 A = Elapsed time spent in this place.
 B = Non-inter-level travel time spent in this place.
 C = Inter-level travel time spent in this place.
 D = Time resting spent in this place.
 E = Time spent auto-exploring this place.
 F = Levels seen in this place.
 G = Mean time per level.
                   A        B        C        D        E       F      G
               +--------+--------+--------+--------+--------+-----+--------+
         Total |    758 |    736 |     22 |      0 |    627 |   1 |  758.0 |
       Dungeon |    758 |    736 |     22 |      0 |    627 |   1 |  758.0 |
               +--------+--------+--------+--------+--------+-----+--------+

Top non-repeatable levels by time:
     D:1: 758 daAuts
